 Dungeon Crawl Stone Soup version 0.16-a0-4013-gd591273 (webtiles) character file.

189 achirane the Grasshopper (level 5, -1/41 HPs)
             Began as a Centaur Warper on Feb 16, 2015.
             Slain by a hobgoblin
             ... wielding a +0 club
              (4 damage)
             ... on level 3 of the Dungeon.
             The game lasted 00:40:16 (3966 turns).

achirane the Grasshopper (Centaur Warper)           Turns: 3966, Time: 00:40:16

Health: -1/41      AC:  6    Str: 14    XL:     5   Next: 40%
Magic:  6/6        EV:  9    Int: 12    God:
Gold:   156        SH:  0    Dex:  9    Spells: 3 memorised, 2 levels left

rFire  . . .     SeeInvis .     u - +0 spear
rCold  . . .     Clarity  .     b - +0 leather armour
rNeg   . . .     SustAb   .     (no shield)
rPois  .         Gourm    .     (no helmet)
rElec  .         Spirit   .     (no cloak)
rCorr  .         Warding  .     x - +1 pair of gloves
rMut   .         Stasis   .     (no barding)
MR     .....                    (no amulet)
Stlth  ..........               (no ring)
                                (no ring)

@: very quick, not resistant to hostile enchantments, extremely unstealthy
A: hooves 3, deformed body, speed 2, tough skin 3
a: no special abilities


You were on level 3 of the Dungeon.
You were hungry.

You visited 1 branch of the dungeon, and saw 4 of its levels.

You collected 156 gold pieces.

Inventory:

Hand weapons
 u - a +0 spear (weapon)
Missiles
 e - 3 tomahawks of dispersal
 h - 12 poisoned bolts
 o - 47 stones (quivered)
Armour
 b - a +0 leather armour (worn)
 q - a +0 plate armour
 x - a +1 pair of gloves (worn)
 y - a +1 ring mail of poison resistance
Scrolls
 d - 2 scrolls of blinking
 j - a scroll of amnesia {unknown}
 k - 2 scrolls of immolation {unknown}
 l - 2 scrolls of recharging {unknown}
 m - 2 scrolls of enchant weapon {unknown}
 r - a scroll of noise {unknown}
 w - a scroll of remove curse {unknown}
 A - 2 scrolls of fog {unknown}
Potions
 i - a potion of ambrosia {unknown}
 p - a potion of restore abilities {unknown}
 s - a potion of might {unknown}
 t - 4 potions of curing {unknown}
 v - a potion of magic {unknown}
 z - a potion of cure mutation {unknown}
Books
 c - a book of Spatial Translocations

   Spells                             Type                      Level
   a - Apportation                    Translocation                1
   b - Blink                          Translocation                2
   c - Shroud of Golubria             Charms/Translocation         2
   d - Portal Projectile              Translocation                3
   e - Teleport Other                 Translocation                3
   f - Passage of Golubria            Translocation                4
Comestibles
 a - 7 fruits
 f - 2 bread rations
 n - a beef jerky


   Skills:
 - Level 2.0 Fighting
 - Level 1.7 Polearms
 - Level 1.3 Throwing
 - Level 0.6 Armour
 - Level 1.3 Dodging
 - Level 1.5 Spellcasting
 + Level 5.6 Translocations


You had 2 spell levels left.
You knew the following spells:

 Your Spells              Type           Power        Failure   Level  Hunger
a - Apportation           Tloc           ##........   3%          1    ##.....
b - Blink                 Tloc           N/A          6%          2    ###....
c - Shroud of Golubria    Chrm/Tloc      #.........   21%         2    ###....


Dungeon Overview and Level Annotations

Branches:
Dungeon (4/15)
 Temple: D:4-7

Altars:
Gozag
Yredelemnul


Innate Abilities, Weirdness & Mutations

You have hooves in place of feet.
Armour fits poorly on your strangely shaped body.
You cover ground very quickly.
You have extremely tough skin (AC +3).


Message History

The gnoll barely misses you. The orc wizard hits you with a dagger.
The gnoll barely misses you.
The orc wizard points at you and mumbles some strange words.
The puff of frost hits you!
* * * LOW HITPOINT WARNING * * *
The orc wizard casts a spell.
You feel troubled.
The orc wizard gestures at you while chanting.
The magic dart hits you!
* * * LOW HITPOINT WARNING * * *
You are feeling hungry.
You see here a stone.
A hobgoblin comes into view. It is wielding a club.
The hobgoblin shouts!
The orc wizard casts a spell at you. The magic dart hits you!
* * * LOW HITPOINT WARNING * * *
The hobgoblin moves out of view.
The hobgoblin hits you with a club.
You die...

#####.#_..........
#.....#8..#.......
#.###############.
#.# ## #.# #.#
####### #.# #.....#
###.#### #.....#
#..@...# #.....#
#.#g##.####.....#
#.#.##.##.......# #
#.#....##.##...## #
#o####.##.###### #
#.####.##.###### #
#..............# #
###.##.#..####.#####
#o##.#..####......


You could see a hobgoblin.

Vanquished Creatures
  An orc wizard (D:3)
  4 gnolls
  3 adders
  2 worms (D:2)
  A giant gecko (D:1)
  An ooze (D:1)
  5 orcs (D:3)
  7 giant cockroaches
  9 goblins
  6 hobgoblins
  4 jackals (D:1)
  9 kobolds
  2 ball pythons
  9 bats
  2 giant newts
  17 rats
  A spectral orc (D:3)
83 creatures vanquished.

Notes
Turn   | Place    | Note
--------------------------------------------------------------
     0 | D:1      | achirane, the Centaur Warper, began the quest for the Orb.
     0 | D:1      | Reached XP level 1. HP: 17/17 MP: 2/2
    90 | D:1      | Reached skill level 3 in Translocations
   137 | D:1      | Reached XP level 2. HP: 24/24 MP: 3/3
   714 | D:1      | Reached XP level 3. HP: 29/29 MP: 5/5
   718 | D:1      | Learned a level 2 spell: Blink
   721 | D:1      | Learned a level 2 spell: Shroud of Golubria
  1029 | D:2      | Reached skill level 4 in Translocations
  1408 | D:2      | Reached XP level 4. HP: 23/36 MP: 3/5
  2400 | D:3      | Reached skill level 5 in Translocations
  2951 | D:3      | Reached XP level 5. HP: 41/41 MP: 6/6
  3314 | D:3      | Found an opulent altar of Gozag.
  3428 | D:3      | Found a basalt altar of Yredelemnul.
  3966 | D:3      | Slain by a hobgoblin

Action                   |  1- 3 |  4- 6 || total
-------------------------+-------+-------++-------
Melee: Spear             |   169 |   149 ||   318
Throw: Stone             |    25 |   185 ||   210
       Tomahawk          |     2 |       ||     2
 Cast: Shroud of Golubri |     2 |     3 ||     5
       Blink             |     2 |       ||     2
  Eat: Chunk             |     1 |     7 ||     8
